 Dungeon Crawl Stone Soup version 0.16-a0-129-gbf5829b (webtiles) character file.

93 Ololoev the Charlatan (level 4, 0/41 HPs)
             Began as an Ogre Artificer on Aug 13, 2014.
             Engulfed by Herrn's ghost's noxious fumes (2 damage)
             ... on Level 3 of the Dungeon.
             The game lasted 00:07:18 (2261 turns).

Ololoev the Charlatan (Ogre Artificer)              Turns: 2261, Time: 00:07:18

HP   0/41        AC  3     Str 17      XL: 4   Next: 61%
MP   6/6         EV  7     Int 11      God:
Gold 142         SH  0     Dex 10      Spells:  0 memorised,  3 levels left

rFire  . . .     SeeInvis .     a - +1 club
rCold  . . .     Clarity  .     e - +0 robe
rNeg   . . .     rCorr    .     s - +2 shield
rPois  .         rRot     .     (helmet restricted)
rElec  .         Spirit   .     (no cloak)
SustAb .         Warding  .     (gloves unavailable)
rMut   .         Stasis   .     (boots unavailable)
Gourm  .                        (no amulet)
MR     .....                    (no ring)
                                (no ring)

@: confused, very slightly contaminated, invisible, not resistant to hostile
enchantments, very unstealthy
A: unfitting armour, tough skin 1
a: no special abilities


You were on level 3 of the Dungeon.
You were hungry.

You visited 1 branch of the dungeon, and saw 3 of its levels.

You collected 142 gold pieces.

Inventory:

Hand weapons
 a - a +1 club (weapon)
Armour
 e - a +0 robe (worn)
 s - a +2 shield (worn)
Magical devices
 b - a wand of flame (9)
 c - a wand of enslavement (15)
 d - a wand of random effects (0)
Comestibles
 f - 2 meat rations
 m - a bread ration
 n - 2 beef jerkies
Scrolls
 g - a scroll of amnesia {unknown}
 h - a scroll of identify {unknown}
 j - a scroll of random uselessness {unknown}
 k - a scroll of recharging {unknown}
 o - a scroll of fog {unknown}
 q - a scroll of enchant armour {unknown}
Potions
 l - a potion of heal wounds {unknown}
 t - a potion of brilliance {unknown}


   Skills:
 - Level 1.3 Fighting
 * Level 3.3 Maces & Flails
 - Level 1.7 Dodging
 - Level 0.7 Stealth
 + Level 4.0 Evocations


You had 3 spell levels left.
You didn't know any spells.

Dungeon Overview and Level Annotations

Branches:
Dungeon (3/15)

Altars:
Sif Muna

Annotations:
D:3 Herrn's ghost, average OpWn


Innate Abilities, Weirdness & Mutations

You are too large for most types of armour.
You have tough skin (AC +1).


Message History

Press: ? - help, Shift-Dir - straight line, f/p - Herrn's ghost
Aim: Herrn's ghost (moderately damaged) This wand has 10 charges left.
Herrn's ghost points at you and mumbles some strange words.
The ball explodes into a vile cloud!
The stinking cloud engulfs you!
The stinking cloud engulfs Herrn's ghost.
Evoke which item? (* to show all) (? for menu, Esc to quit)
Zapping:
b - a wand of flame (10)
Press: ? - help, Shift-Dir - straight line, f/p - Herrn's ghost
Aim: Herrn's ghost (noxious fumes, moderately damaged) This wand has 9 charges left.
You choke on the stench!
You are more confused.
* * * LOW HITPOINT WARNING * * *
Herrn's ghost hits you.
* * * LOW HITPOINT WARNING * * *
You hit Herrn's ghost but do no damage.
Herrn's ghost is moderately damaged.
You choke on the stench!
You are more confused.
You die...

#.....###....###.....##.#
##.#..## #....# #....###.#
####.....# #....# #..### #.#
.####.......## ##<.## #..#####.#
......#....##### #..# #.........
...............# #### #..###....
###..(.....###.##### #..# #....
.........%......§§.####.... #..(.
##.............W@§.........##....
...........#...§§§.####....##....
...###.............# ##..###....
### #####.........# #..# #####
###%).....# #### #.......#
#.......# #.......# #.......#


You could see Herrn's ghost.

Vanquished Creatures
  A hound (D:2)
  A giant mite (D:2)
  2 adders
  2 giant geckos (D:1)
  An ooze (D:3)
  3 giant cockroaches
  3 hobgoblins
  2 jackals (D:1)
  5 kobolds
  A quokka (D:2)
  2 bats (D:2)
  3 giant newts
  8 goblins
  4 rats
38 creatures vanquished.

Vanquished Creatures (collateral kills)
  A rat (D:3)
1 creature vanquished.

Grand Total: 39 creatures vanquished

Notes
Turn   | Place    | Note
--------------------------------------------------------------
     0 | D:1      | Ololoev, the Ogre Artificer, began the quest for the Orb.
     0 | D:1      | Reached XP level 1. HP: 19/19 MP: 1/1
   226 | D:1      | Reached XP level 2. HP: 4/27 MP: 2/2
   708 | D:1      | Reached skill level 3 in Evocations
  1133 | D:1      | Reached XP level 3. HP: 33/33 MP: 4/4
  1680 | D:2      | Noticed Ijyb
  1682 | D:2      | Noticed Ijyb
  1682 | D:2      | Ijyb changed into Ijyb the hound
  1686 | D:2      | Killed Ijyb the hound
  1686 | D:2      | Reached XP level 4. HP: 41/41 MP: 6/6
  1985 | D:2      | Found a deep blue altar of Sif Muna.
  2222 | D:3      | Reached skill level 4 in Evocations
  2231 | D:3      | Noticed Herrn's ghost (average OpWn)
  2260 | D:3      | HP: 2/41 [Herrn's ghost (5)]
  2261 | D:3      | Engulfed by Herrn's ghost's noxious fumes

Action                   |  1- 3 |  4- 6 || total
-------------------------+-------+-------++-------
Melee: Club              |   132 |    33 ||   165
Evoke: Wand              |     6 |    15 ||    21
  Use: Potion            |       |     3 ||     3
  Eat: Chunk             |     3 |     1 ||     4
